AoeStats
← {WaZzU'P} Recluta4!

Pilgrims

509763584Analyzed
4v4 RM · 4d ago on Sep 27, 2026· 44m 16s· 8 players
Game mode
Random Map
Map size
Large (8 player)
Population
200
Speed
Normal
Resources
Standard
Victory
Conquest
Starting age
Dark Age
Ending age
Imperial Age
RankedLock teamsTeams togetherTeam positionsShared explorationLock speedFull tech treeHidden civsTurbo modeCheats
Victory
Defeat
🇨🇳 Hindustanis · China
1290
+15
🇺🇸 Bulgarians · United States
1262
+16
🇨🇦 Britons · Canada
1206
+18
🇨🇭 Mongols · Switzerland
1182
+19
🇧🇷 Persians · Brazil
1264
-17
🇺🇸 Japanese · United States
1259
-17
🇦🇷 Koreans · Argentina
1254
-17
🇨🇱 Varangians · Chile
1249
-17
WatzTheDeal
3:44 Loom
11:13 Feudal Age
11:45 Double-Bit Axe
15:41 Fletching
15:52 Padded Archer Armor
22:14 Castle Age
20:16 Horse Collar
22:00 Stone Mining
22:50 Wheelbarrow
22:08 Gold Mining
23:46 Forging
31:09 Arson
31:30 Scale Mail Armor
32:07 Squires
33:06 Chain Mail Armor
35:07 Bodkin Arrow
35:48 Iron Casting
matias98ish
4:31 Loom
12:54 Feudal Age
14:33 Fishing Lines
20:00 Castle Age
18:47 Fletching
20:44 Bodkin Arrow
21:08 Medium Warships
20:52 Double-Bit Axe
21:33 Gillnets
23:14 Town Watch
23:47 Bow Saw
26:53 Horse Collar
28:59 Heavy Plow
29:07 Scale Mail Armor
30:45 Gambesons
32:32 Pikeman
33:47 Clinker Construction
34:48 Chain Mail Armor
36:50 Forging
36:55 Squires
38:17 Iron Casting
38:27 Ballistics
41:01 Wheelbarrow
Fs.hiGhly_
7:20 Loom
9:21 Feudal Age
14:35 Castle Age
14:28 Double-Bit Axe
15:07 Fishing Lines
16:34 Scale Barding Armor
19:26 Chain Barding Armor
20:27 Forging
22:11 Iron Casting
28:46 Wheelbarrow
33:47 Imperial Age
31:04 Town Watch
31:34 Hand Cart
36:55 Plate Barding Armor
37:21 Blast Furnace
37:28 Pikeman
38:26 Squires
38:29 Scale Mail Armor
40:11 Halberdier
42:21 Chain Mail Armor
Berenjena
4:19 Loom
12:43 Feudal Age
14:06 Wheelbarrow
13:19 Double-Bit Axe
19:20 Fishing Lines
22:35 Castle Age
23:53 Hand Cart
23:26 Town Watch
26:00 Medium Warships
25:44 Gillnets
26:10 Bow Saw
26:02 Town Patrol
33:28 Imperial Age
33:29 Forging
33:19 Scale Mail Armor
33:24 Scale Barding Armor
33:10 Fletching
34:00 Ballistics
33:52 Clinker Construction
33:55 Careening
35:20 Horse Collar
36:30 Iron Casting
36:10 Chain Mail Armor
36:15 Chain Barding Armor
36:30 Iron Casting
36:10 Chain Mail Armor
36:15 Chain Barding Armor
35:56 Elite Fire Lancer
38:46 Gold Mining
38:40 Capped Ram
40:37 Bodkin Arrow
41:13 Plate Mail Armor
41:54 Heavy Warships
40:52 Elite Turtle Ship
43:39 Gold Shaft Mining
Bamboozlator
10:04 Loom
12:18 Feudal Age
13:52 Double-Bit Axe
13:48 Horse Collar
15:15 Wheelbarrow
20:13 Castle Age
18:21 Fletching
21:05 Bodkin Arrow
21:58 Crossbowman
22:48 Padded Archer Armor
22:10 Pikeman
23:57 Leather Archer Armor
27:05 Ballistics
29:57 Heavy Plow
36:29 Imperial Age
36:42 Yeomen
37:38 Bracer
38:08 Ring Archer Armor
37:06 Elite Longbowman
40:05 Conscription
40:11 Conscription
40:07 Scale Mail Armor
{WaZzU'P} Recluta4!
4:26 Loom
11:03 Feudal Age
11:38 Double-Bit Axe
11:45 Gold Mining
14:45 Fletching
14:41 Town Watch
16:03 Wheelbarrow
23:27 Castle Age
24:11 Medium Warships
24:41 Hand Cart
28:32 Fishing Lines
41:13 Scale Mail Armor
42:00 Bow Saw
41:32 Horse Collar
42:02 Caravan
42:52 Chain Mail Armor
43:49 Masonry
{WaZzU'P} GranPolo
8:15 Loom
15:20 Feudal Age
21:25 Forging
24:36 Castle Age
24:03 Town Watch
25:18 Fletching
25:29 Stone Mining
26:05 Medium Warships
26:22 Town Patrol
27:48 Double-Bit Axe
28:01 Bodkin Arrow
29:38 Wheelbarrow
30:05 Padded Archer Armor
31:30 Leather Archer Armor
31:36 Bow Saw
31:54 Gold Mining
41:43 Imperial Age
39:48 Ballistics
42:20 Gold Shaft Mining
42:17 Thumb Ring
43:15 Bracer
谢por
6:59 Loom
11:41 Feudal Age
13:53 Double-Bit Axe
14:16 Fishing Lines
16:38 Castle Age
16:41 Horse Collar
19:34 Wheelbarrow
18:46 Town Watch
18:56 Gillnets
19:19 Bow Saw
19:45 Heavy Plow
24:15 Husbandry
24:27 Bloodlines
24:18 Husbandry
25:00 Scale Barding Armor
25:05 Forging
27:05 Hand Cart
27:38 Iron Casting
28:45 Chain Barding Armor
29:06 Gold Mining
29:06 Stone Mining
30:08 Iron Casting
33:33 Imperial Age
33:39 Imperial Age
31:55 Grand Trunk Road
33:35 Fortified Wall
33:36 Masonry
33:43 Heavy Camel Rider
35:34 Chemistry
34:56 Ballistics
35:29 Imperial Camel Rider
35:31 Light Cavalry
37:28 Two-Man Saw
37:04 Plate Barding Armor
37:29 Blast Furnace
37:16 Town Patrol
38:10 Fletching
38:21 Padded Archer Armor
39:41 Bodkin Arrow
40:01 Leather Archer Armor
Connection lost

Rejoining the realm…

Still unreachable

The connection could not be restored.

Session expired

The server has moved on; the page needs a fresh start.